Map: [ESL] Cosmic Sapphire

Players

Scarlett

  • Race: Zerg Zerg
  • Spawn Location: 11:00

Harstem - Winner!

  • Race: Protoss Protoss
  • Spawn Location: 5:00

Event: DreamHack SC2 Masters 2022 Valencia

VOD

Have the link to the VOD?

Description

Time

  • Played on: July 2, 2022, 6:20 a.m.
  • Length: 31:34

All games in this series

Show
View Real Time Build Order
Export as new Build Order

Scarlett Zerg 

Build Orders: Hatch First 

Get SALT Encoding   

  12  0:00  Drone  
  13  0:12  Overlord  
  13  0:17  Drone  
  14  0:30  Drone x2  
  16  0:46  Hatchery  
  15  0:50  Drone  
  15  0:54  Drone  
  17  0:57  Drone  
  18  1:08  Extractor  
  17  1:12  Spawning Pool  
  17  1:15  Drone  
  17  1:19  Drone  
  18  1:27  Drone  
  19  1:38  Drone  
  20  1:50  Drone  
  21  1:58  Queen x2  
  21  1:59  Zergling x2  
  26  2:02  Overlord  
  26  2:09  Drone  
  26  2:11  Drone  
  26  2:12  Metabolic Boost  
  28  2:22  Drone x2  
  30  2:35  Drone  
  31  2:37  Drone  
  31  2:38  Hatchery  
  31  2:43  Queen  
  33  2:47  Overlord  
  33  2:51  Drone  
  33  2:53  Drone  
  33  2:54  Drone  
  36  3:05  Overlord, Queen  
  36  3:07  Drone x2  
  36  3:11  Drone  
  36  3:12  Drone  
  42  3:18  Overlord  
  42  3:20  Queen  
  42  3:24  Drone x2  
  46  3:36  Drone x2  
  46  3:39  Drone x3  
  51  3:46  Overlord x2  
  51  3:50  Spore Crawler  
  51  3:53  Zergling x4  
  51  3:54  Zergling x2  
  53  3:58  Queen  
  53  4:00  Queen  
  57  4:04  Drone, Overlord  
  57  4:08  Drone x3  
  61  4:18  Lair  
  61  4:21  Drone, Extractor x2  
  61  4:22  Drone x5  
  65  4:33  Drone x6  
  65  4:34  Pneumatized Carapace  
  70  4:48  Zergling x8  
  70  4:49  Zergling x4  
  70  4:52  Spore Crawler  
  73  4:53  Spore Crawler  
  72  5:01  Roach Warren  
  72  5:04  Zergling x14  
  78  5:08  Overlord x2  
  78  5:24  Zergling x8  
  78  5:25  Overlord  
  78  5:26  Overlord x2  
  83  5:28  Zergling x8  
  86  5:39  Overlord  
  86  5:41  Roach x4  
  86  5:42  Queen x2  
  94  5:48  Roach  
  94  5:49  Roach x4  
  103  6:03  Roach x7  
  116  6:10  Zergling x8  
  112  6:17  Zergling x12  
  106  6:27  Zergling x4  
  106  6:28  Queen  
  110  6:37  Roach x3  
  108  6:40  Roach  
  108  6:42  Glial Reconstitution  
  108  6:46  Roach x4  
  114  6:50  Roach  
  111  7:11  Drone x6  
  111  7:12  Evolution Chamber, Drone x2  
  118  7:17  Drone x4  
  122  7:25  Hatchery  
  121  7:33  Drone  
  121  7:34  Drone x3  
  124  7:37  Baneling Nest, Extractor  
  122  7:47  Roach x4  
  122  7:50  Overseer  
  122  7:51  Zerg Missile Weapons Level 1  
  129  7:58  Overlord  
  129  7:59  Overlord x5  
  129  8:07  Evolution Chamber, Drone  
  129  8:08  Overlord x2  
  129  8:24  Drone x8  
  129  8:25  Extractor  
  136  8:27  Ravager x8  
  136  8:28  Extractor  
  143  8:35  Drone x5  
  143  8:36  Drone x3  
  143  8:37  Zergling x4  
  143  8:40  Centrifugal Hooks  
  149  9:11  Spore Crawler, Drone x5  
  149  9:13  Zerg Melee Weapons Level 1  
  153  9:17  Spire  
  153  9:18  Extractor, Drone x3  
  153  9:19  Drone x2, Extractor  
  153  9:20  Drone  
  156  9:25  Zergling x20  
  156  9:27  Baneling x12  
  166  9:35  Drone x5  
  166  9:50  Drone x4  
  169  9:57  Spine Crawler  
  169  9:58  Zergling x14  
  169  9:59  Hatchery  
  174  10:00  Spine Crawler  
  174  10:06  Zerg Missile Weapons Level 2  
  173  10:07  Zergling x2  
  173  10:08  Zergling x10  
  173  10:09  Overseer  
  179  10:15  Baneling x14  
  179  10:16  Baneling x5  
  179  10:28  Zergling x20  
  189  10:33  Overlord x2  
  187  10:51  Zergling x10  
  187  10:52  Zergling x14  
  192  10:58  Infestation Pit  
  192  11:00  Baneling x9  
  192  11:01  Baneling x12  
  191  11:08  Spore Crawler  
  184  11:19  Spine Crawler, Zerg Melee Weapons Level 2  
  184  11:21  Spine Crawler  
  184  11:22  Corruptor  
  184  11:23  Corruptor  
  181  11:27  Zergling x2  
  181  11:28  Zergling x34  
  198  11:36  Hive  
  198  11:38  Zergling x8  
  195  11:54  Spine Crawler, Drone x3  
  196  11:55  Spine Crawler  
  196  11:56  Spine Crawler  
  184  12:48  Roach x3  
  189  12:54  Overlord x3  
  189  12:55  Zergling x14  
  188  13:02  Adrenal Glands  
  188  13:03  Zerg Missile Weapons Level 3, Greater Spire  
  178  13:16  Baneling x8  
  178  13:19  Zergling x6  
  186  13:20  Zergling x22  
  191  13:30  Zergling x24  
  197  13:40  Roach x6  
  198  13:47  Baneling x24  
  196  13:53  Roach x8  
  195  14:01  Baneling x12  
  191  14:08  Roach x7  
  193  14:15  Roach x5, Zergling x4  
  178  14:20  Roach  
  178  14:21  Roach x8  
  173  14:26  Roach x4  
  173  14:28  Roach  
  161  14:36  Roach x3  
  163  14:43  Roach x2  
  143  14:46  Roach  
  143  14:47  Roach x4  
  143  14:50  Roach x3  
  147  14:55  Ravager x14  
  147  14:56  Roach  
  163  15:00  Roach x4  
  163  15:05  Roach x6  
  183  15:09  Hatchery  
  182  15:20  Zergling x20  
  192  15:23  Zerg Flyer Weapons Level 1  
  192  15:25  Overlord  
  192  15:29  Zergling x12  
  192  15:35  Overlord x2  
  197  15:45  Extractor x2  
  197  15:48  Zergling x14  
  198  15:54  Baneling x13  
  198  15:55  Baneling x17  
  198  15:56  Zergling x4  
  200  16:01  Corruptor  
  197  16:15  Zergling x6  
  189  16:29  Corruptor x3  
  189  16:30  Corruptor x2  
  189  16:32  Zergling x18  
  195  16:59  Brood Lord  
  195  17:01  Brood Lord x2  
  196  17:02  Brood Lord  
  189  17:20  Brood Lord x2  
  187  17:23  Zergling x2  
  187  17:24  Zergling x16  
  187  17:28  Zergling x14  
  187  17:29  Zergling x8  
  196  17:37  Zergling x2  
  196  17:38  Zergling x12  
  195  17:51  Zergling x12, Hatchery  
  195  17:53  Baneling x7  
  195  17:54  Zerg Flyer Weapons Level 2  
  198  18:02  Zergling x10  
  175  18:22  Zergling x30  
  175  18:38  Corruptor  
  175  18:39  Corruptor x5  
  187  18:50  Baneling x10  
  178  19:22  Brood Lord x6  
  180  19:28  Zergling x42  
  191  19:33  Pathogen Glands  
  191  19:34  Burrow  
  191  19:51  Hatchery  
  190  19:55  Baneling x7  
  190  19:59  Baneling  
  183  20:19  Corruptor x5  
  183  20:20  Corruptor x8  
  180  20:31  Drone x6  
  180  20:37  Zergling x8  
  180  20:38  Zergling x6  
  180  20:39  Baneling  
  186  20:43  Infestor  
  186  20:44  Infestor  
  186  20:46  Neural Parasite  
  187  21:17  Spine Crawler, Viper  
  187  21:18  Drone x3  
  192  21:19  Spine Crawler x2  
  192  21:20  Spine Crawler  
  192  21:21  Spore Crawler, Infestor x2  
  192  21:22  Spine Crawler, Infestor x3  
  197  21:34  Drone  
  197  21:37  Zerg Flyer Armor Level 1  
  198  21:43  Unknown  
  194  21:52  Hatchery  
  192  22:13  Viper  
  192  22:14  Viper  
  197  22:20  Spore Crawler  
  197  22:21  Spore Crawler  
  193  22:23  Zergling x14  
  194  22:47  Drone x3  
  194  22:56  Zergling x28  
  199  23:05  Drone  
  198  23:15  Hatchery  
  198  23:17  Spore Crawler x2  
  195  23:20  Spore Crawler  
  194  23:27  Overseer  
  194  23:39  Zerg Flyer Armor Level 2  
  194  23:57  Spore Crawler  
  194  23:59  Zergling x16  
  163  24:25  Queen x3  
  163  24:27  Zergling x24  
  163  24:28  Ultralisk Cavern  
  163  24:29  Corruptor x8  
  187  24:35  Spine Crawler  
  187  24:36  Spine Crawler  
  185  24:49  Overseer x2  
  185  24:50  Overseer  
  184  25:04  Drone x3  
  184  25:06  Spine Crawler  
  173  25:26  Spore Crawler  
  173  25:27  Spore Crawler, Corruptor x10  
  191  25:30  Chitinous Plating  
  164  25:54  Overlord x2  
  164  25:55  Zerg Flyer Weapons Level 3  
  164  25:57  Zergling x28  
  165  26:15  Extractor x2  
  165  26:16  Infestor x3  
  106  26:49  Ultralisk x4  
  104  26:59  Corruptor x6  
  103  27:04  Corruptor  
  101  27:15  Corruptor x2  
  101  27:23  Corruptor  
  101  27:28  Infestor  
  93  27:56  Drone  
  94  27:59  Corruptor x7  
  108  28:08  Zergling x16  
  116  28:32  Overseer  
  100  28:59  Zergling x16  
  100  29:00  Zergling x14  
  115  29:07  Hatchery  
  104  29:53  Infestor x3  
  104  29:57  Corruptor x3  
  104  29:58  Hatchery  
  115  30:07  Unknown  
  115  30:13  Baneling x7  
Show
View Real Time Build Order
Export as new Build Order

Harstem Protoss - Winner!

Build Orders: 1 Gate Expand, Oracle Opening 

Get SALT Encoding   

  12  0:00  Probe  
  13  0:12  Probe  
  14  0:17  Pylon  
  14  0:24  Probe  
  15  0:36  Gateway  
  15  0:37  Probe (Chrono Boost)  
  16  0:46  Probe (Chrono Boost)  
  16  0:47  Assimilator  
  17  0:51  Probe (Chrono Boost)  
  18  1:03  Probe  
  19  1:15  Probe  
  20  1:24  Nexus  
  20  1:35  Cybernetics Core  
  20  1:37  Probe  
  21  1:45  Assimilator  
  21  1:49  Probe  
  22  1:54  Pylon  
  22  2:01  Probe  
  23  2:09  Adept (Chrono Boost)  
  23  2:13  Probe  
  26  2:16  Stargate  
  26  2:25  Probe (Chrono Boost)  
  26  2:26  Warp Gate  
  27  2:36  Stalker  
  27  2:37  Probe (Chrono Boost)  
  30  2:42  Probe (Chrono Boost)  
  32  2:46  Probe (Chrono Boost)  
  32  2:50  Probe (Chrono Boost)  
  33  2:53  Probe (Chrono Boost)  
  33  2:55  Probe (Chrono Boost)  
  35  3:00  Oracle (Chrono Boost)  
  35  3:04  Probe  
  39  3:06  Probe  
  39  3:08  Pylon  
  40  3:16  Probe  
  40  3:18  Probe  
  42  3:21  Gateway  
  42  3:28  Probe  
  42  3:30  Probe, Oracle  
  47  3:40  Probe  
  48  3:43  Probe  
  48  3:47  Nexus  
  49  3:49  Pylon  
  50  3:57  Twilight Council  
  50  4:00  Assimilator  
  49  4:07  Gateway  
  49  4:10  Robotics Facility  
  50  4:17  Shield Battery  
  50  4:20  Gateway  
  51  4:24  Probe  
  51  4:26  Gateway  
  51  4:28  Charge (Chrono Boost)  
  51  4:29  Gateway  
  50  4:37  Gateway  
  50  4:40  Stalker  
  50  4:47  Probe  
  50  4:49  Gateway  
  50  4:52  Gateway  
  51  4:57  Warp Prism (Chrono Boost)  
  52  5:01  Probe  
  52  5:05  Probe  
  56  5:08  Zealot  
  56  5:09  Zealot  
  56  5:13  Zealot  
  61  5:19  Probe  
  61  5:21  Pylon  
  62  5:24  Zealot  
  62  5:28  Pylon, Zealot  
  66  5:29  Zealot  
  66  5:34  Probe  
  69  5:36  Zealot x2  
  69  5:38  Zealot  
  75  5:44  Zealot x2  
  75  5:47  Pylon  
  79  5:51  Zealot  
  79  5:52  Zealot  
  81  5:59  Pylon  
  81  6:03  Zealot x2  
  85  6:06  Probe  
  85  6:09  Zealot x2  
  85  6:11  Pylon  
  85  6:14  Probe  
  85  6:15  Zealot  
  85  6:23  Probe  
  85  6:24  Probe  
  77  6:26  Zealot x2  
  77  6:30  Zealot x2  
  77  6:31  Zealot  
  82  6:36  Zealot x2  
  84  6:40  Probe  
  84  6:42  Zealot  
  88  6:47  Zealot x3  
  88  6:50  Pylon  
  93  6:56  Zealot x3  
  93  6:59  Zealot  
  99  7:05  Zealot x2  
  88  7:13  Dark Shrine, Probe (Chrono Boost)  
  88  7:18  Probe (Chrono Boost)  
  88  7:19  Probe (Chrono Boost)  
  91  7:23  Assimilator  
  91  7:24  Probe (Chrono Boost)  
  91  7:25  Warp Prism (Chrono Boost)  
  91  7:28  Probe (Chrono Boost)  
  94  7:31  Probe (Chrono Boost)  
  94  7:34  Probe (Chrono Boost)  
  96  7:40  Probe  
  98  7:45  Sentry x3  
  98  7:47  Probe  
  98  7:48  Assimilator  
  98  7:49  Zealot  
  103  7:54  Immortal (Chrono Boost)  
  103  7:56  Probe  
  109  8:02  Probe  
  109  8:04  Pylon  
  109  8:15  Templar Archives  
  109  8:17  Shield Battery  
  109  8:22  Probe x3  
  109  8:24  Observer (Chrono Boost)  
  109  8:25  Pylon  
  109  8:26  Assimilator  
  113  8:30  Phoenix (Chrono Boost)  
  115  8:34  Probe x2  
  115  8:36  Nexus  
  115  8:37  Pylon  
  117  8:43  Probe  
  117  8:46  Probe, Zealot x3  
  117  8:47  Pylon  
  125  8:49  Pylon  
  125  8:57  Zealot x3  
  131  9:05  Forge  
  127  9:12  Probe  
  127  9:13  High Templar x4  
  127  9:15  Pylon  
  136  9:18  Archon  
  136  9:19  Shield Battery  
  136  9:21  Probe  
  136  9:23  Probe  
  138  9:25  Pylon, Blink  
  138  9:26  Archon  
  138  9:29  Zealot x4  
  146  9:33  Probe  
  142  9:46  Probe (Chrono Boost)  
  142  9:48  Immortal (Chrono Boost)  
  142  9:49  Protoss Ground Weapons Level 1 (Chrono Boost)  
  144  9:54  Probe (Chrono Boost)  
  144  9:56  Assimilator  
  144  9:57  Probe (Chrono Boost)  
  144  9:58  Probe x2 (Chrono Boost)  
  145  10:00  High Templar, Assimilator  
  145  10:01  High Templar  
  145  10:03  Photon Cannon  
  145  10:05  Probe (Chrono Boost)  
  153  10:07  Probe (Chrono Boost)  
  153  10:10  Probe x2 (Chrono Boost)  
  153  10:11  Archon  
  153  10:14  Probe (Chrono Boost), Zealot  
  154  10:17  Phoenix (Chrono Boost)  
  160  10:21  Probe (Chrono Boost)  
  160  10:22  Probe (Chrono Boost)  
  160  10:24  High Templar  
  160  10:25  High Templar  
  160  10:26  Pylon  
  160  10:27  Psionic Storm  
  160  10:28  Photon Cannon  
  164  10:32  Pylon  
  164  10:33  Phoenix  
  166  10:38  Probe  
  166  10:42  Photon Cannon  
  167  10:46  Archon  
  167  10:54  Probe  
  167  10:56  Probe x2  
  150  11:03  High Templar x4  
  158  11:10  Probe, Immortal (Chrono Boost)  
  160  11:11  Probe  
  160  11:13  Pylon  
  154  11:24  Probe  
  143  11:26  Probe  
  143  11:31  Zealot x2  
  143  11:32  Zealot x3  
  151  11:37  High Templar x4  
  151  11:38  Zealot x5  
  150  11:42  Probe (Chrono Boost)  
  150  11:43  Probe (Chrono Boost)  
  148  11:48  Archon x2  
  148  11:49  Probe (Chrono Boost)  
  148  11:51  Immortal (Chrono Boost)  
  149  12:01  High Templar x2  
  149  12:02  Zealot x3  
  149  12:06  Archon  
  156  12:10  Stalker x2  
  158  12:16  Immortal (Chrono Boost)  
  158  12:21  Zealot x2  
  165  12:25  Zealot x3  
  158  12:30  Probe  
  158  12:32  Probe  
  159  12:37  Probe x2  
  159  12:42  Probe  
  161  12:44  Probe  
  161  12:49  Probe x2  
  161  12:50  Zealot x4  
  161  12:51  Zealot x5  
  180  12:53  Immortal (Chrono Boost)  
  180  12:54  Probe  
  180  12:56  Probe  
  176  13:15  High Templar x3  
  176  13:16  High Templar x3  
  188  13:23  Archon x3  
  188  13:25  Immortal (Chrono Boost)  
  190  13:32  Nexus  
  188  13:41  Probe  
  168  13:47  Stalker x3  
  170  13:54  Zealot x6  
  174  14:01  Immortal (Chrono Boost)  
  178  14:16  Archon  
  158  14:17  Stalker x4  
  158  14:18  Stalker x5  
  158  14:19  Probe  
  143  14:34  Probe x2  
  143  14:38  Immortal (Chrono Boost)  
  149  14:44  Nexus  
  133  14:49  Stalker x2  
  133  14:50  Stalker x7  
  145  14:56  Probe (Chrono Boost)  
  147  15:01  Protoss Ground Weapons Level 2 (Chrono Boost)  
  147  15:02  Probe (Chrono Boost)  
  147  15:04  Pylon  
  147  15:06  Forge  
  149  15:08  Probe x2 (Chrono Boost), High Templar  
  149  15:09  Warp Prism  
  149  15:10  Probe (Chrono Boost)  
  149  15:14  Probe (Chrono Boost), High Templar x4  
  157  15:16  Zealot x4  
  157  15:21  Probe  
  171  15:22  Shield Battery  
  172  15:40  Zealot x5  
  176  15:48  Photon Cannon, High Templar  
  176  15:49  High Templar x3  
  180  15:54  Archon  
  180  15:55  Archon  
  177  16:01  High Templar x3  
  177  16:02  High Templar, Zealot  
  187  16:06  Immortal  
  187  16:08  Protoss Shields Level 1  
  185  16:13  Archon x2  
  185  16:15  Probe  
  185  16:17  Assimilator  
  186  16:18  Assimilator  
  186  16:24  Probe x3  
  177  16:33  Zealot x7  
  177  16:34  Zealot  
  193  16:49  Nexus  
  193  16:50  Observer, Probe  
  193  16:51  Pylon  
  195  16:58  High Templar x3  
  195  16:59  High Templar  
  199  17:06  Archon  
  199  17:07  Archon  
  199  17:10  Probe  
  199  17:11  Observer  
  199  17:14  Fleet Beacon, Zealot x5  
  195  17:16  Stargate  
  191  17:24  Probe  
  187  17:31  Zealot  
  187  17:35  High Templar x3  
  194  17:44  Probe  
  189  17:46  Stargate  
  179  17:53  High Templar  
  179  17:55  Protoss Air Weapons Level 1 (Chrono Boost)  
  179  17:56  Zealot  
  179  17:57  Zealot x4  
  189  18:02  Probe  
  189  18:03  Probe  
  185  18:06  Tempest (Chrono Boost)  
  185  18:08  Probe  
  188  18:15  Zealot x3  
  188  18:20  Tempest (Chrono Boost)  
  182  18:29  Tempest (Chrono Boost)  
  179  18:34  High Templar x2  
  179  18:35  Probe, High Templar  
  186  18:41  Zealot x6  
  198  18:55  Protoss Shields Level 2  
  196  18:56  Protoss Ground Weapons Level 3  
  186  19:06  Probe  
  186  19:07  Zealot x5  
  174  19:11  Probe  
  173  19:17  Tempest x2 (Chrono Boost)  
  173  19:23  Probe x2  
  183  19:25  Probe  
  183  19:28  Probe  
  167  19:31  Photon Cannon  
  167  19:35  Photon Cannon  
  168  19:45  Mothership (Chrono Boost)  
  175  19:58  Zealot x5  
  175  19:59  Zealot x4  
  192  20:00  Probe (Chrono Boost)  
  190  20:10  Tempest  
  188  20:17  Tempest  
  188  20:18  Observer  
  171  20:34  Protoss Air Weapons Level 2 (Chrono Boost)  
  157  20:39  Nexus  
  157  20:41  Pylon  
  156  20:44  Probe (Chrono Boost)  
  156  20:45  Zealot x5  
  156  20:46  Unknown  
  166  20:50  High Templar x4  
  166  20:53  Tempest (Chrono Boost)  
  166  20:55  Pylon  
  166  20:56  Archon x2  
  174  21:01  Probe (Chrono Boost)  
  174  21:02  Photon Cannon  
  173  21:05  Shield Battery  
  173  21:07  Probe  
  173  21:09  Dark Shrine, Photon Cannon  
  173  21:10  Photon Cannon  
  164  21:21  High Templar  
  164  21:22  High Templar, Zealot x6  
  180  21:27  Photon Cannon  
  180  21:28  Photon Cannon, Archon  
  180  21:31  Photon Cannon  
  180  21:32  Oracle (Chrono Boost)  
  179  21:45  High Templar x2  
  181  21:48  Photon Cannon  
  181  21:50  Photon Cannon  
  181  21:52  Shield Battery  
  181  21:53  Pylon  
  181  21:54  Archon  
  181  22:05  Oracle x2  
  181  22:07  Zealot x5  
  193  22:18  High Templar  
  193  22:19  High Templar  
  193  22:35  Zealot x3  
  193  22:36  Archon  
  199  22:53  Protoss Shields Level 3  
  199  22:55  Observer, Protoss Air Weapons Level 3 (Chrono Boost)  
  199  22:57  Dark Templar x2  
  179  23:09  Carrier x2 (Chrono Boost)  
  191  23:21  Observer  
  191  23:28  Zealot x4  
  195  23:46  Carrier  
  193  23:52  Pylon  
  186  23:56  Zealot x7  
  198  24:06  Oracle x2, Probe  
  195  24:16  Zealot x4  
  199  24:22  Observer  
  195  24:24  Zealot x3  
  193  24:57  Carrier  
  189  25:16  Zealot x5  
  185  25:45  Zealot x6  
  185  25:46  Zealot x3  
  184  26:12  Carrier x2  
  170  26:51  Carrier  
  153  27:01  High Templar x5  
  145  27:02  High Templar x3  
  145  27:07  Archon  
  145  27:08  Archon x2  
  157  27:18  Immortal (Chrono Boost)  
  157  27:19  Archon, Zealot  
  157  27:22  Void Ray  
  166  27:31  Carrier (Chrono Boost)  
  166  27:33  Zealot x3  
  159  27:41  High Templar x4  
  162  27:48  Immortal (Chrono Boost)  
  153  28:07  Probe  
  153  28:11  Oracle (Chrono Boost), Zealot x2  
  158  28:15  Dark Templar x2  
  158  28:16  Observer (Chrono Boost)  
  144  29:00  Observer (Chrono Boost)  
  145  29:06  Zealot x6  
  157  29:11  Zealot x3  
  151  29:20  Observer (Chrono Boost)  
  152  29:34  Immortal (Chrono Boost)  
  150  29:49  High Templar x3  
  150  29:50  Zealot  
  150  29:51  High Templar, Zealot  
  150  29:52  Zealot x3  
  168  29:57  Nexus  
  168  29:59  Archon, Immortal (Chrono Boost)  
  168  30:04  Archon  
  168  30:35  Observer  
  166  30:38  Zealot x5  
  166  31:07  Nexus  
  166  31:08  Pylon  
  166  31:12  Assimilator  

Tags
 
Add a new tag
Caveats
  • Supply blocks, unpowered buildings, or Contaminate may cause inaccurate times.
  • Supply counts are checked every 10 seconds.